 Dungeon Crawl Stone Soup version 0.27.1-33-g824d729ab1 (webtiles) character file.

Game seed: 14245280569465515084

5593 MisterFreud the Nimble (level 10, 0/49 HPs)
             Began as a Felid Berserker on Dec 20, 2021.
             Was a High Priest of Trog.
             Slain by a yak (8 damage)
             ... on level 10 of the Dungeon.
             The game lasted 00:13:51 (12171 turns).

MisterFreud the Nimble (Felid Berserker)           Turns: 12171, Time: 00:13:52

Health: 0/49       AC:  2    Str: 13    XL:     10   Next: 45%
Magic:  11/11      EV: 34    Int:  9    God:    Trog [*****.]
Gold:   537        SH:  4    Dex: 21    Spells: 9/9 levels left
                                        Lives:  0   Deaths: 3

rFire    . . .     SeeInvis +     - Unarmed
rCold    . . .     Faith    .   (shield unavailable)
rNeg     . . .     Spirit   .   (armour unavailable)
rPois    .         Reflect  .   (helmet unavailable)
rElec    .         Harm     .   (cloak unavailable)
rCorr    .         Rampage  .   (gloves unavailable)
Will     ++...                  (boots unavailable)
Stlth    +++++.....             z - amulet of the acrobat
HPRegen  0.16/turn              n - ring of willpower
MPRegen  0.12/turn              v - +4 ring of evasion

@: about to teleport, on berserk cooldown, slowed, studying Fighting, slow
A: very small, claws 1, fangs 3, see invisible, speed 1, shaggy fur 2, stealthy
paws, no weapons or thrown items, no armour, multi-lived, large bone plates 1,
agile 1, MP-powered wands
a: Renounce Religion, Berserk, Trog's Hand, Brothers in Arms


You were on level 10 of the Dungeon.
You worshipped Trog.
Trog was extremely pleased with you.
You visited 1 branch of the dungeon, and saw 10 of its levels.

You collected 537 gold pieces.

Inventory:

Jewellery
 n - a ring of willpower (left paw)
 u - a ring of fire
 v - a +4 ring of evasion (right paw)
 z - an amulet of the acrobat (around neck)
Wands
 j - a wand of polymorph (7)
 k - a wand of flame (53)
 o - a wand of iceblast (17)
 A - a wand of acid (14)
Scrolls
 i - 4 scrolls of identify
 l - 2 scrolls of magic mapping
 q - a scroll of enchant armour
 s - 2 scrolls of teleportation
 t - a scroll of fear
 x - 2 scrolls of vulnerability
 B - a scroll of blinking {unknown}
Potions
 a - a potion of haste
 b - 3 potions of degeneration
 c - a potion of mutation
 d - a potion of brilliance {unknown}
 e - 2 potions of magic {unknown}
 f - 2 potions of attraction {unknown}
 g - a potion of ambrosia
 h - 4 potions of curing {unknown}
 r - 2 potions of flight {unknown}
 C - a potion of lignification {unknown}


   Skills:
 + Level 8.5 Fighting
 - Level 14.0 Dodging
 - Level 10.0 Stealth
 - Level 10.0 Unarmed Combat
 - Level 6.0 Evocations


You had 9 spell levels left.
You didn't know any spells.
Your spell library was empty.

Dungeon Overview and Level Annotations

Branches:
Dungeon (10/15)            Temple (0/1) D:5             Orc (0/2) D:10
   Lair: D:8-11

Altars:
Cheibriados
Gozag
Hepliaklqana
Yredelemnul
Zin

Shops:
D:1 =

Annotations:
D:4 Eustachio
D:10 Fannar


Innate Abilities, Weirdness & Mutations

You have sharp claws.
You have razor-sharp teeth.
You have supernaturally acute eyesight. (SInv)
You cover ground quickly. (Speed+)
You are covered in thick fur. (AC +2)
Your paws help you pounce on unaware monsters.
You are incapable of wielding weapons or throwing items.
You cannot wear armour.
You gain extra lives every three experience levels.
You are partially covered in large bone plates. (SH +4)
You are agile. (Dex +2)
You expend magic power (3 MP) to strengthen your wands.


Message History

Fannar misses you. The orc completely misses you.
The orc hits you with a +0 club. The yak completely misses you.
The goblin misses you.
You claw Fannar! You bite Fannar.
Fannar is moderately wounded.
The ice beast completely misses you. The orc completely misses you.
An orc priest comes into view. It is wielding a +0 mace.
Fannar hits you with a +0 quarterstaff of freezing!
Fannar freezes you. The orc completely misses you.
The orc hits you but does no damage. The goblin misses you. The yak misses you.
The ice beast completely misses you. The orc closely misses you.
As you read the scroll of teleportation, it crumbles to dust.
You feel strangely unstable. Fannar completely misses you.
The orc hits you with a +0 mace.
* * * LOW HITPOINT WARNING * * *
The yak completely misses you. The orc completely misses you.
The goblin completely misses you. The yak barely misses you.
The orc hits you with a +0 whip.
* * * LOW HITPOINT WARNING * * *
The ice beast barely misses you.
Fannar mumbles some strange words.
The orc barely misses you.
Unknown command.
Unknown command.
Unknown command.
Unknown command.
Unknown command.
Unknown command.
It was a potion of mutation.
You feel extremely strange.
You feel your magical essence link to the dungeon's wands.
Large bone plates grow over parts of your legs.
You feel agile. The yak barely misses you. The orc completely misses you.
The goblin completely misses you. The yak misses you.
You block the ice beast's attack.
The orc priest looks satisfied for a moment.
The orc completely misses you. Fannar completely misses you.
The yak completely misses you. The orc completely misses you.
The goblin completely misses you. The yak gores you!
You die...

.........#
.......<.# ....
.........# ....
##+###+#.# .....
.....#.####+#....
..................
..........Yo..##
........##Yeg.##...
........##o@Yo.....
.........oYYYo.....
....##...oohYY)....
.... #.....ooo###..
.. .........o. .
............
#..........>.
#.............


You could see Fannar, 6 yaks, a warg, 2 ice beasts, 3 orc priests, 8 orcs and a
goblin.

Vanquished Creatures
  Gastronok (D:8)
  Erica (D:8)
  4 two-headed ogres
  A manticore (D:9)
  Joseph (D:8)
  A tengu conjurer (D:9)
  A troll (D:9)
  Grinder (D:3)
  Sigmund (D:5)
  A basilisk (D:9)
  11 yaks
  A steam dragon (D:8)
  A warg (D:10)
  An acid dragon (D:6)
  Duvessa (D:7)
  3 orc warriors
  2 ice beasts
  A hornet zombie (D:9)
  2 ogres
  A black bear (D:7)
  4 centaurs
  A phantom (D:4)
  Blork the orc (D:5)
  3 kobold brigands
  2 scorpions
  Dowan (D:7)
  A water moccasin zombie (D:4)
  A gnoll sergeant (D:8)
  2 water moccasin skeletons
  5 killer bees (D:9)
  3 wights (D:8)
  2 howler monkeys
  A centaur zombie (D:9)
  3 jellies
  2 centaur skeletons
  2 hounds
  A gnoll shaman (D:6)
  8 orc priests
  Jessica (D:2)
  Ijyb (D:3)
  4 iguanas
  6 orc wizards
  A killer bee zombie (D:8)
  A hound zombie (D:5)
  18 gnolls
  9 adders
  A white imp (D:7)
  An ufetubus (D:5)
  An adder skeleton (D:4)
  A worm (D:2)
  5 dart slugs
  18 orcs
  9 endoplasms
  4 giant cockroaches
  17 goblins
  6 hobgoblins
  4 jackals (D:3)
  4 quokkas
  7 ball pythons
  4 frilled lizards
  18 kobolds
  4 rats
225 creatures vanquished.

Vanquished Creatures (collateral kills)
  A hornet (D:8)
  A kobold (D:8)
2 creatures vanquished.

Grand Total: 227 creatures vanquished

Notes
Turn   | Place    | Note
-------+----------+-------------------------------------------
     0 | D:1      | MisterFreud the Felid Berserker began the quest for the
                  | Orb.
     0 | D:1      | Reached XP level 1. HP: 10/10 MP: 2/2
    74 | D:1      | Reached skill level 1 in Stealth
   235 | D:1      | Found a faded altar of an unknown god.
   487 | D:1      | Reached XP level 2. HP: 13/14 MP: 3/3
  1218 | D:1      | Found Caerag's Jewellery Boutique.
  1529 | D:1      | Reached ** piety under Trog
  1569 | D:1      | Reached XP level 3. HP: 17/17 MP: 4/4
  1700 | D:2      | Noticed Jessica
  1711 | D:2      | Killed Jessica
  2058 | D:2      | Reached XP level 4. HP: 21/21 MP: 5/5
  3273 | D:2      | Reached XP level 5. HP: 24/24 MP: 6/6
  3491 | D:3      | Reached skill level 5 in Stealth
  4305 | D:3      | Reached skill level 5 in Unarmed Combat
  4311 | D:3      | Reached *** piety under Trog
  4419 | D:3      | Noticed Grinder
  4466 | D:3      | Killed Grinder
  4467 | D:3      | Gained mutation: You are covered in thick fur. (AC +2)
                  | [Felid growth]
  4467 | D:3      | Reached XP level 6. HP: 28/28 MP: 7/7
  4535 | D:3      | Noticed Ijyb
  4543 | D:3      | Killed Ijyb
  4881 | D:4      | Reached skill level 5 in Dodging
  4913 | D:4      | Reached XP level 7. HP: 31/31 MP: 8/8
  5119 | D:4      | Reached skill level 6 in Dodging
  5436 | D:4      | Reached skill level 7 in Dodging
  5495 | D:4      | Noticed Eustachio
  5576 | D:5      | Entered Level 5 of the Dungeon
  5591 | D:5      | Slain by a water moccasin skeleton
  5592 | D:5      | Reached XP level 6. HP: -1/42 MP: 7/7
  5767 | D:5      | Noticed Sigmund
  5774 | D:5      | Killed Sigmund
  5775 | D:5      | Reached skill level 8 in Dodging
  5775 | D:5      | Reached XP level 7. HP: 31/31 MP: 8/8
  5842 | D:5      | Found a staircase to the Ecumenical Temple.
  5850 | D:5      | Reached skill level 9 in Dodging
  6084 | D:5      | Noticed Blork the orc
  6097 | D:5      | Killed Blork the orc
  6119 | D:5      | Reached skill level 10 in Dodging
  6523 | D:5      | Found an opulent altar of Gozag.
  6523 | D:5      | Found a basalt altar of Yredelemnul.
  6524 | D:5      | Found a glowing silver altar of Zin.
  7318 | D:6      | Reached **** piety under Trog
  7319 | D:6      | Reached XP level 8. HP: 36/36 MP: 9/9
  7361 | D:6      | Reached skill level 5 in Fighting
  7409 | D:6      | Found a hazy altar of Hepliaklqana.
  8585 | D:7      | Noticed Dowan
  8586 | D:7      | Noticed Duvessa
  8607 | D:7      | Killed Duvessa
  8615 | D:7      | Killed Dowan
  8616 | D:7      | Reached skill level 11 in Dodging
  8727 | D:7      | Reached XP level 9. HP: 31/41 MP: 10/10
  9082 | D:8      | Noticed Joseph
  9102 | D:8      | Killed Joseph
  9346 | D:8      | Noticed a two-headed ogre
  9350 | D:8      | Killed a two-headed ogre
  9351 | D:8      | Reached skill level 13 in Dodging
  9351 | D:8      | Reached skill level 10 in Stealth
  9354 | D:8      | Noticed Erica
  9356 | D:8      | Killed Erica
  9357 | D:8      | Reached XP level 10. HP: 45/45 MP: 11/11
  9439 | D:8      | Found a snail-covered altar of Cheibriados.
  9508 | D:8      | Noticed Gastronok
  9520 | D:8      | Killed Gastronok
  9521 | D:8      | Reached skill level 14 in Dodging
  9758 | D:8      | Asphyxiated
  9759 | D:8      | Reached XP level 9. HP: -2/41 MP: 10/10
 10075 | D:9      | Noticed a two-headed ogre
 10088 | D:9      | Killed a two-headed ogre
 10089 | D:9      | Reached XP level 10. HP: 29/45 MP: 11/11
 10390 | D:9      | Reached skill level 10 in Unarmed Combat
 10393 | D:9      | Reached skill level 1 in Evocations
 10609 | D:9      | Noticed a two-headed ogre
 10618 | D:9      | Killed a two-headed ogre
 10631 | D:9      | Reached skill level 5 in Evocations
 10813 | D:9      | Reached ***** piety under Trog
 11271 | D:9      | Noticed a manticore
 11273 | D:9      | Slain by a manticore
 11274 | D:9      | Reached XP level 9. HP: -1/41 MP: 10/10
 11296 | D:9      | Killed a manticore
 11309 | D:9      | Noticed a two-headed ogre
 11314 | D:9      | Killed a troll
 11600 | D:9      | Killed a two-headed ogre
 11601 | D:9      | Reached XP level 10. HP: 47/47 MP: 11/11
 11950 | D:9      | Identified a scroll of acquirement
 11950 | D:9      | Acquired a manual of Fighting
 12144 | D:10     | Entered Level 10 of the Dungeon
 12150 | D:10     | Found a staircase to the Orcish Mines.
 12151 | D:10     | Noticed Fannar
 12171 | D:10     | Gained mutation: You expend magic power (3 MP) to
                  | strengthen your wands. [potion of mutation]
 12171 | D:10     | Gained mutation: You are partially covered in large bone
                  | plates. (SH +4) [potion of mutation]
 12171 | D:10     | Gained mutation: You are agile. (Dex +2) [potion of
                  | mutation]
 12171 | D:10     | Slain by a yak

Illustrated notes

Levels and vault maps discovered:
D:1:      co_arrival_square_in_a_square_in_a_square, layout_loops_corners,
          serial_shops, nicolae_shop_crystal, serial_glass, glass_columns_a,
          glass_columns_a, glass_columns_a, glass_columns_a, glass_columns_b,
          glass_columns_a, shapermc_ecumenical_altar_pompeii
D:2:      layout_loops_corners, kennysheep_generic_room_5, uniq_jessica
D:3:      kennysheep_goblin_castle, layout_loops_ring,
          minmay_fractal_squares_gapless_5, uniq_grinder
D:4:      layout_basic, portal_sewer_entry_c, minmay_hedge_maze, uniq_eustachio
D:5:      layout_basic, gammafunk_temple_overflow_claw,
          minmay_temple_entry_offerings, uniq_blork_the_orc, uniq_sigmund
D:6:      layout_loops_ring, lemuel_tele_altar
D:7:      layout_loops_ring, uniq_duvessa
D:8:      layout_basic, mainiacjoe_overflow_chevrons, serial_glass,
          glass_columns_a, glass_columns_a, st_stairs_2, uniq_joseph,
          uniq_gastronok, uniq_erica
D:9:      cheibrodos_barr_body, layout_loops_ring
D:10:     layout_irregular_city, nicolae_sif_muna_little_library,
          lair_entry_dummy, erik_orc_4, nicolae_sextant, uniq_fannar,
          uniq_harold

Skill      XL: |  1  2  3  4  5  6  7  8  9 10 |
---------------+-------------------------------+-----
Stealth        | 1 2 3 4 6 8 10 | 10.0
Unarmed Combat | 4 6 9 10 | 10.0
Dodging        | 8 10 11 13 14 | 14.0
Fighting       | 4 6 7 8 |  8.5
Evocations     | 6 |  6.0

Action                   |  1- 3 |  4- 6 |  7- 9 | 10-12 || total
-------------------------+-------+-------+-------+-------++-------
Melee: Unarmed           |    74 |   153 |   327 |   145 ||   699
       Bite              |     8 |    17 |    30 |    18 ||    73
       Punch             |     1 |     3 |    10 |    10 ||    24
Invok: Berserk           |     2 |     6 |    13 |    10 ||    31
       Trog's Hand       |       |     1 |     1 |     3 ||     5
       Brothers in Arms  |       |       |       |     1 ||     1
  Use: Scroll            |       |       |     5 |     8 ||    13
       Potion            |       |       |       |     1 ||     1
 Stab: Sleeping          |     5 |    13 |    12 |     4 ||    34
       Distracted        |       |     1 |       |       ||     1
Armor: Skin              |     1 |     8 |     9 |     3 ||    21
Dodge: Dodged            |    39 |    94 |   317 |   192 ||   642
Block: Other             |       |       |       |     1 ||     1
